 Dungeon Sprint DCSS version 0.22.1-1-ga44c0e56f4 (webtiles) character file.

464 MuseOD the Covert (level 6, -4/36 HPs)
             Began as a Spriggan Enchanter on Sept 26, 2018.
             Slain by Sonja
             ... wielding a +4 short sword of draining
              (14 damage)
             ... in the Dungeon (Sprint I: "Red Sonja").
             The game lasted 00:01:41 (602 turns).

MuseOD the Covert (Spriggan Enchanter)               Turns: 602, Time: 00:01:41

Health: -4/36      AC:  2    Str:  4    XL:     6   Next: 80%
Magic:  1/11       EV: 17    Int: 19    God:
Gold:   414        SH:  0    Dex: 16    Spells: 2/11 levels left

rFire    . . .     SeeInvis +   a - +1 dagger
rCold    . . .     Gourm    .   (shield restricted)
rNeg     . . .     Faith    .   b - +0 robe
rPois    .         Spirit   .   (helmet restricted)
rElec    .         Reflect  .   (no cloak)
rCorr    .         Harm     .   (gloves unavailable)
MR       +....     NoTele   +   (boots unavailable)
Stlth    +++++.....             (no amulet)
HPRegen  0.12/turn              (no ring)
MPRegen  0.12/turn              (no ring)

@: very slightly contaminated, slowed, heavily drained, quick
A: very small, unfitting armour, see invisible, herbivore, speed 3, slow
metabolism 2
a: no special abilities


You were in the Dungeon.
You were not hungry.

You visited 1 branch You collected 414 gold pieces.

Inventory:

Hand Weapons
 a - a +1 dagger (weapon)
Armour
 b - a +0 robe (worn)
Wands
 c - a wand of random effects (22)
Scrolls
 i - 3 scrolls of enchant weapon {unknown}
 j - a scroll of blinking
Potions
 f - a potion of heal wounds
 g - a potion of haste
 h - 2 potions of magic
Comestibles
 d - a ration


   Skills:
 - Level 5.9(4.3) Fighting
 - Level 11.0(9.2) Short Blades
 - Level 3.0(1.5) Dodging
 + Level 12.0(10.1) Stealth
 + Level 3.1(1.6) Spellcasting
 + Level 4.0(2.5) Hexes


You had 2 spell levels left.
You knew the following spells:

 Your Spells              Type           Power        Failure   Level  Hunger
a - Corona                Hex            ##.....      6%          1    #......
b - Ensorcelled Hibernat  Hex/Ice        #.....       16%         2    ###....
c - Confuse               Hex            ##......     19%         3    ###....
d - Dazzling Spray        Conj/Hex       #.....       30%         3    ###....

Your spell library contained the following spells:

 Spells                   Type           Power        Failure   Level  Hunger
 Tukima's Dance           Hex            ##......     19%         3    ###....


Dungeon Overview and Level Annotations

Branches:
Dungeon (1/1)

Altars:
Makhleb
Sif Muna
Vehumet
Wu Jian
Xom
Jiyva
Lugonu

Annotations:
D Sonja


Innate Abilities, Weirdness & Mutations

You are very small and have problems with some larger weapons.
You are too small for most types of armour.
You have supernaturally acute eyesight. (SInv)
You are a herbivore.
You cover ground extremely quickly.
You need to consume almost no food.


Message History

You miscast Confuse.
You are very lightly contaminated with residual magic.
Strange energies run through your body. Sonja misses you.
Sonja hits you with an uncursed short sword of draining.
You feel drained. Sonja barely misses you. Sonja hits you but does no damage.
You feel drained.
Sonja hits you with an uncursed short sword of draining.
You feel drained. Sonja misses you. Sonja hits you but does no damage.
You feel drained.
Sonja hits you with an uncursed short sword of draining.
* * * LOW HITPOINT WARNING * * *
You feel drained. Sonja completely misses you.
Casting: Confuse (safe; 19% risk of failure)
Confirm with . or Enter, or press ? or * to list all spells.
Aiming: Confuse (safe; 19% risk of failure)
Press: ? - help, Shift-Dir - straight line, f/p - Sonja
Aim: Sonja, wielding a short sword of draining (chance to defeat MR: 50%) Sonja appears confused.
Sonja hits you with an uncursed short sword of draining!
You die...

######################
#<.#..)..#..'..#__#..+
#..'..#.)'..#..'..'..#
#..#####'#####'#__####
#.)# #..#...#.####
#..# ####..##.# #..#
##'#_.+ #⌠⌠# +..._#
#### #K@#'# ##+#.#
#.### $§$ #$.$# ##.##
#+#


You could see Sonja (confused).

Vanquished Creatures
  A slime creature (D)
  Sigmund (D)
  An ogre (D)
  A jelly (D)
  Ijyb (D)
5 creatures vanquished.

Vanquished Creatures (others)
  A gargoyle (D)
1 creature vanquished.

Grand Total: 6 creatures vanquished

Notes
Turn   | Place    | Note
-------+----------+-------------------------------------------
     0 | D        | MuseOD the Spriggan Enchanter began the quest for the Orb.
     0 | D        | Reached XP level 1. HP: 9/9 MP: 5/5
     1 | D        | Noticed Ijyb
    22 | D        | Killed Ijyb
    22 | D        | Reached skill level 6 in Stealth
    22 | D        | Reached XP level 2. HP: 11/15 MP: 6/6
    29 | D        | Learned a level 2 spell: Ensorcelled Hibernation
    56 | D        | Killed a gargoyle
   155 | D        | Noticed an ogre
   158 | D        | Killed an ogre
   158 | D        | Reached skill level 8 in Stealth
   158 | D        | Reached XP level 3. HP: 20/20 MP: 8/8
   158 | D        | Reached XP level 4. HP: 24/24 MP: 9/9
   170 | D        | Learned a level 3 spell: Confuse
   171 | D        | Noticed Sigmund
   241 | D        | Killed Sigmund
   241 | D        | Reached skill level 10 in Stealth
   241 | D        | Reached XP level 5. HP: 13/30 MP: 0/10
   515 | D        | Learned a level 3 spell: Dazzling Spray
   530 | D        | Found a deep blue altar of Sif Muna.
   531 | D        | Found an ornate altar of the Wu Jian Council.
   533 | D        | Found a burning altar of Makhleb.
   533 | D        | Found a viscous altar of Jiyva.
   533 | D        | Found a shimmering altar of Xom.
   533 | D        | Found a corrupted altar of Lugonu.
   533 | D        | Noticed a slime creature
   536 | D        | Killed a slime creature
   536 | D        | Reached skill level 5 in Fighting
   536 | D        | Reached skill level 11 in Stealth
   536 | D        | Reached XP level 6. HP: 36/36 MP: 11/11
   555 | D        | Found a radiant altar of Vehumet.
   559 | D        | Reached skill level 12 in Stealth
   594 | D        | Noticed Sonja
   602 | D        | Slain by Sonja

Skill      XL: |  1  2  3  4  5  6 |
---------------+-------------------+-----
Fighting       | 2 3 4 5 |  5.9
Short Blades   | 4 7 9 11 | 11.0
Stealth        | 6 8 10 11 12 | 12.0
Spellcasting   | 3 |  3.1
Hexes          | 4 |  4.0
Dodging        | |  3.0

Action                   |  1- 3 |  4- 6 || total
-------------------------+-------+-------++-------
Melee: Dagger            |    13 |     8 ||    21
 Cast: Confuse           |       |     5 ||     5
       Ensorcelled Hiber |       |     2 ||     2
  Use: Potion            |     1 |     1 ||     2
 Stab: Sleeping          |     2 |     2 ||     4
       Confused          |       |     1 ||     1
Armor: Robe              |       |     2 ||     2
Dodge: Dodged            |     3 |    12 ||    15
